cohdb
Replays
Latest Replays
All Replays
Popular Replays
Top Player Replays
Match Explorer
How It Works
Community
CoH3 Stats
Reddit
Sign in to upload your games and track your stats! →
Sign in with Steam
Match 37117760
Unlisted
Match 37117760
Overview
Messages
Build Orders
End
Panzergrenadier Squad
250 Light Carrier
Panzergrenadier Squad
Construct Light Support Kompanie
MG34 Team
Fire Support Elements
2.5-tonne Medical Truck
le.IG 18 Support Gun Team
Pak 38 Mechanized Group
Selects Armored Support Battlegroup
Selects Salvage Kits
Construct Panzerarmee Kommand
Panzer III L Medium Tank
Selects Panzer Storm
Walking Stuka Rocket Launcher
Pak 38 Mechanized Group
Armored Reserves
Walking Stuka Rocket Launcher
Selects Stuka Anti-tank Loiter
Selects Veteran Gunners
Panzer IV Assault Group
UH|dun! ツ
UH|ck
UH|XTC
MuniekPL
|-J5D-| MAREK POLSKA
Zmasowany
0
0
Comments
sign in to comment!
No comments posted yet!